 Dungeon Crawl Stone Soup version 0.30-a0-304-gdc4b735fe1 (webtiles) character file.

Game seed: 945803244676862842

26775 hikkokomori the Covert (level 13, -2/70 HPs)
             Began as a Spriggan Enchanter on Oct 21, 2022.
             Was a Believer of Ashenzari.
             Slain by Amaemon
             ... wielding a +0 demon whip of venom
              (5 damage)
             ... on level 2 of the Lair of Beasts.
             The game lasted 01:06:31 (13801 turns).

hikkokomori the Covert (Spriggan Enchanter)        Turns: 13801, Time: 01:06:32

Health: -2/70      AC:  5    Str:  4    XL:     13   Next: 0%
Magic:  19/25      EV: 22    Int: 23    God:    Ashenzari [**....]
Gold:   1379       SH:  0    Dex: 30    Spells: 5/27 levels left

rFire   . . .      SeeInvis +    i - +9 rapier of Ashenzari's Polytheism {freeze, Int+4, Self, Melee} (curse)
rCold   . . .      Faith    .    (no shield)
rNeg    . . .      Spirit   .    L - +2 robe {Archmagi}
rPois   .          Reflect  .    (helmet restricted)
rElec   .          Harm     .    l - +0 cloak of Ashenzari's Ordeal {Comp, Bglg} (curse)
rCorr   .          Rampage  .    (gloves unavailable)
Will    ++...      Archmagi +    (boots unavailable)
Stlth   +++++++...               o - amulet of the acrobat
HPRegen 0.31/turn                E - +6 ring of dexterity
MPRegen 0.19/turn                g - ring "Seer of Ashenzari" {Dex+6, Self, Evo} (curse)

@: lethally poisoned (-2 -> -23), very quick
A: very small, no large weapons, unfitting armour, see invisible, speed 3
a: Renounce Religion, Curse Item, Shatter the Chains


You were on level 2 of the Lair of Beasts.
You worshipped Ashenzari.
Ashenzari was pleased with you.
You visited 3 branches of the dungeon, and saw 14 of its levels.

You collected 1379 gold pieces.

Inventory:

Hand Weapons
 i - the cursed +9 rapier of Ashenzari's Polytheism (weapon) {freeze, Int+4, Self, Melee}
   (You acquired it on level 6 of the Dungeon)

   It freezes those it strikes, dealing additional cold damage.
   It can also slow down cold-blooded creatures.
   Int:       It affects your intelligence (+4).
   It has a curse which improves the following skills: Introspection: Fighting
   and Spellcasting.
   Melee Combat: Short Blades, Long Blades, Axes, Maces & Flails, Polearms,
   Staves and Unarmed Combat.
 D - the +7 Spriggan's Knife {stab, EV+4 Stlth+}
   (You acquired it on level 8 of the Dungeon)

   It is more effective when stabbing unaware enemies, sometimes treating them
   as though they were completely helpless.
   EV:        It affects your evasion (+4).
   Stlth:     It makes you more stealthy.
 G - a +0 vorpal arbalest
Missiles
 d - 2 throwing nets (quivered)
Armour
 b - a +1 robe
 l - the cursed +0 cloak of Ashenzari's Ordeal (worn) {Comp, Bglg}
   (You took it off Crazy Yiuf on level 2 of the Dungeon)

   It has a curse which improves the following skills: Companions: Summonings
   and Necromancy.
   Beguiling: Conjurations, Hexes and Translocations.
 I - a +0 troll leather armour
 L - a +2 robe of the Archmagi (worn)
 O - a +1 cloak
Jewellery
 e - a ring of positive energy
 g - the cursed ring "Seer of Ashenzari" (right hand) {Dex+6, Self, Evo}
   (You found it on level 2 of the Dungeon)

   [ring of dexterity]

   Dex:       It affects your dexterity (+6).
   It has a curse which improves the following skills: Introspection: Fighting
   and Spellcasting.
   Evocations: Evocations.
 o - an amulet of the acrobat (around neck)
 E - a +6 ring of dexterity (left hand)
 P - a ring of protection from cold
 Q - a ring of wizardry
Wands
 v - a wand of digging (1)
 A - a wand of iceblast (4)
 C - a wand of charming (6)
 H - a wand of flame (14)
 K - a wand of polymorph (2)
Scrolls
 a - 4 scrolls of magic mapping
 h - 2 scrolls of blinking
 n - 3 scrolls of enchant weapon
 s - 5 scrolls of teleportation
 u - 4 scrolls of noise
 y - 7 scrolls of identify
 B - a scroll of poison
 F - 2 scrolls of amnesia
 J - a scroll of brand weapon
 M - a scroll of fog
Potions
 c - a potion of invisibility
 f - a potion of berserk rage
 j - 3 potions of lignification
 k - 4 potions of flight
 p - 2 potions of magic
 q - a potion of cancellation
 r - 2 potions of degeneration
 t - 2 potions of heal wounds
 w - 2 potions of brilliance
 x - a potion of haste
 z - 4 potions of might
Miscellaneous
 N - a box of beasts (inert)


   Skills:
 + Level 7.3(9.2) Fighting
 + Level 11.9(13.1) Short Blades
 - Level 5.0 Dodging
 + Level 14.7 Stealth
 - Level 5.8(7.7) Spellcasting
 - Level 2.6(3.7) Conjurations
 + Level 13.4(14.6) Hexes
 - Level 3.2(4.3) Necromancy
 + Level 7.0(8.2) Translocations
 - Level 3.2 Ice Magic


You had 5 spell levels left.
You knew the following spells:

 Your Spells              Type           Power      Damage    Failure   Level
a - Ensorcelled Hibernat  Hex/Ice        100%       N/A       1%          2
b - Kiss of Death         Conj/Necr      100%       2d13      1%          1
c - Confusing Touch       Hex            85%        N/A       1%          3
d - Tukima's Dance        Hex            85%        N/A       1%          3
e - Dazzling Flash        Conj/Hex       100%       N/A       1%          3
f - Dispersal             Tloc           31%        N/A       36%         6
g - Ice Form              Ice/Tmut       24%        N/A       36%         4

Your spell library contained the following spells:

 Spells                   Type           Power      Damage    Failure   Level
 Apportation              Tloc           100%       N/A       1%          1
 Anguish                  Hex/Necr       34%        N/A       1%          4
 Vhi's Electric Charge    Tloc/Air       82%        N/A       4%          3
 Hailstorm                Conj/Ice       37%        3d9       5%          3
 Ozocubu's Armour         Ice            35%        N/A       6%          3
 Beastly Appendage        Tmut           26%        N/A       7%          1
 Wereblood                Tmut           13%        N/A       11%         2
 Dispel Undead            Necr           43%        3d17      12%         4
 Spider Form              Tmut/Pois      13%        N/A       22%         3
 Iskenderun's Battlesphe  Conj           38%        2d9       41%         5
 Arcjolt                  Conj/Air       13%        1d23      67%         5
 Fireball                 Conj/Fire      13%        3d7       67%         5
 Alistair's Intoxication  Tmut/Pois      8%         N/A       89%         5
 Enfeeble                 Hex            42%        N/A       16%         7
 Simulacrum               Ice/Necr       19%        N/A       93%         6
 Iron Shot                Conj/Erth      13%        9d3       99%         6
 Ozocubu's Refrigeration  Ice            17%        4d11      100%        7
 Spellforged Servitor     Conj/Summ      13%        N/A       100%        7
 Maxwell's Capacitive Co  Air            6%         ∞         100%        8
 Fire Storm               Conj/Fire      13%        8d3       100%        9


Dungeon Overview and Level Annotations

Branches:
Dungeon (11/15)            Temple (0/1) D:6            Lair (2/5) D:9
    Orc (1/2) D:9
  Swamp: Lair:2-3    Shoals: Lair:2-3     Snake: Lair:2-3    Spider: Lair:2-3

Altars:
Ashenzari
Cheibriados
Fedhas
Gozag
Kikubaaqudgha
Makhleb
Nemelex Xobeh
Sif Muna
Zin

Annotations:
D:8 3 transporters
Lair:2 Amaemon


Innate Abilities, Weirdness & Mutations

You are very small and have problems with some larger weapons.
You are too small for most types of armour.
You have supernaturally acute eyesight. (SInv)
You cover ground extremely quickly. (Speed+++)


Message History

Press: ? - help, Shift-Dir - straight line, f - Amaemon
Aim: Amaemon, wielding a +0 demon whip of venom (severely wounded, chance to affect: 37%)
Okay, then.
Casting: Ensorcelled Hibernation (safe; 1% risk of failure)
Confirm with . or Enter, or press ? or * to list all spells.
Okay, then.
Unknown command.
Casting: Ensorcelled Hibernation (safe; 1% risk of failure)
Confirm with . or Enter, or press ? or * to list all spells.
Casting: Dazzling Flash (safe; 1% risk of failure)
Press: ? - help, Dir - look around, f - activate Look: Amaemon, wielding a +0 demon whip of venom (severely wounded, chance to dazzle: 67%)
You feel a surge of power!
You feel very sick.
Amaemon hits you with a +0 demon whip of venom!
* * * LOW HITPOINT WARNING * * *
You are more poisoned.
Amaemon closely misses you. Amaemon barely misses you.
You feel better.
Amaemon hits you with a +0 demon whip of venom.
* * * LOW HITPOINT WARNING * * *
You are poisoned.
Amaemon misses you. Amaemon completely misses you.
Casting: Dazzling Flash (safe; 1% risk of failure)
Confirm with . or Enter, or press ? or * to list all spells.
Casting: Dazzling Flash (safe; 1% risk of failure)
Press: ? - help, Dir - look around, f - activate Look: Amaemon, wielding a +0 demon whip of venom (severely wounded, chance to dazzle: 67%)
You feel a surge of power!
You feel sick. Amaemon barely misses you. Amaemon claws you.
* * * LOW HITPOINT WARNING * * *
Amaemon tail-slaps you.
* * * LOW HITPOINT WARNING * * *
Unknown command.
You feel better.
Amaemon hits you with a +0 demon whip of venom!
* * * LOW HITPOINT WARNING * * *
You are lethally poisoned!
Amaemon misses you. Amaemon tail-slaps you.
You die...

#..........#........
, .###.#
##..#.##.#.....P....
. , ......
#.#...####......##.
.#* .###.. ......#
##<....##* #. ,
...#..
......###....P.## . *
,#....
♣♣....#.##......##.#*
##...
#♣.P.......#..#.#.# *
#..P
♣.P.#P.#.##......#
#... #♣.P.##.##
#...@#.# , ##.#
♣♣.........#.....6.#
####..#
....P##...###....P..#
* , ..P...#
#...##*..## ###....##
....... ....# **.##
#..#.. , ......
....###P.P# #..#... ,
, * #.. .........#*
#.......,, , ##.
##..##P.## #...#..#.*
##÷ ....#* ## * * #..


You could see Amaemon.

Vanquished Creatures
  Erolcha (D:10)
  Harold (Lair:1)
  A two-headed ogre (D:10)
  Erica (D:11)
  Nergalle (D:10)
  An orange crystal statue (D:9)
  A cyclops (D:11)
  A manticore (D:11)
  5 elephants (Lair:2)
  4 centaur zombies (D:11)
  8 cane toads
  An orange demon (Lair:2)
  5 kobold demonologists (D:11)
  4 komodo dragons
  2 trolls (D:9)
  3 hornets
  5 blink frogs (Lair:2)
  4 wyverns
  4 shadows (D:11)
  2 vampires (D:11)
  6 wraiths
  A basilisk (Lair:2)
  23 yaks
  Grum (D:10)
  6 water moccasins
  A sky beast (D:7)
  5 black bears
  5 orc warriors
  An ice beast (D:7)
  14 wolves
  3 ogres
  2 centaurs
  A phantom (D:5)
  3 kobold brigands
  13 bullfrogs
  2 necrophages
  3 scorpions
  8 wights
  5 killer bees (D:10)
  3 howler monkeys (D:7)
  5 hounds
  3 jellies
  Crazy Yiuf (D:2)
  4 orc priests
  2 gnoll boudas (D:7)
  7 iguanas
  9 orc wizards
  4 hell rats (Lair:1)
  15 gnolls
  15 adders
  2 shadow imps
  4 white imps
  A worm (D:3)
  5 dart slugs
  44 orcs
  8 ball pythons
  6 endoplasms
  6 giant cockroaches
  6 goblins
  10 hobgoblins
  7 jackals
  7 quokkas
  5 bats
  11 frilled lizards
  21 kobolds
  6 rats
375 creatures vanquished.

Vanquished Creatures (collateral kills)
  A wight (D:8)
  An orc wizard (D:9)
2 creatures vanquished.

Vanquished Creatures (others)
  An unseen horror (D:11)
  4 fungi (Lair:2)
  25 plants
30 creatures vanquished.

Grand Total: 407 creatures vanquished

Notes
Turn   | Place    | Note
-------+----------+-------------------------------------------
     0 | D:1      | hikkokomori the Spriggan Enchanter began the quest for the
                  | Orb.
     0 | D:1      | Reached XP level 1. HP: 9/9 MP: 5/5
   189 | D:1      | Reached XP level 2. HP: 13/13 MP: 6/6
   573 | D:1      | Learned a level 2 spell: Ensorcelled Hibernation
   623 | D:1      | Reached XP level 3. HP: 15/16 MP: 8/8
   869 | D:1      | Identified a scroll of acquirement
   869 | D:1      | Acquired the +6 war axe "Defeibih" {drain, MP+9 Str+4
                  | Dex+2}
  1069 | D:2      | Reached skill level 5 in Stealth
  1173 | D:2      | Found a runed translucent door.
  1174 | D:2      | Noticed Crazy Yiuf
  1603 | D:2      | Reached XP level 4. HP: 21/21 MP: 9/9
  1898 | D:2      | Killed Crazy Yiuf
  2105 | D:3      | Reached skill level 1 in Fighting
  2233 | D:3      | Found a faded altar of an unknown god.
  2674 | D:3      | Reached XP level 5. HP: 25/25 MP: 10/10
  2752 | D:3      | Prayed at the altar of an unknown god.
  2752 | D:3      | Became a worshipper of Ashenzari the Shackled
  3075 | D:4      | Reached skill level 6 in Stealth
  3075 | D:4      | Reached XP level 6. HP: 24/30 MP: 6/11
  3223 | D:4      | Reached skill level 5 in Hexes
  3782 | D:4      | Found a blossoming altar of Fedhas.
  3785 | D:4      | Reached skill level 5 in Dodging
  3800 | D:4      | Found a snail-covered altar of Cheibriados.
  3815 | D:4      | Learned a level 1 spell: Kiss of Death
  3819 | D:4      | Learned a level 3 spell: Confusing Touch
  3823 | D:4      | Learned a level 3 spell: Tukima's Dance
  3957 | D:5      | Entered Level 5 of the Dungeon
  4041 | D:5      | Reached XP level 7. HP: 35/35 MP: 12/12
  4049 | D:5      | You fall into a shaft and drop 1 floor!
  4105 | D:6      | Reached skill level 1 in Necromancy
  4207 | D:6      | Acquired the +9 rapier of Success {freeze, Int+4}
  4299 | D:6      | Reached skill level 7 in Stealth
  4367 | D:6      | Reached skill level 1 in Conjurations
  4639 | D:6      | Found a staircase to the Ecumenical Temple.
  4646 | D:6      | Reached XP level 8. HP: 31/39 MP: 14/14
  4717 | D:6      | Reached skill level 5 in Short Blades
  5243 | D:5      | Learned a level 3 spell: Dazzling Flash
  5564 | D:5      | Found an ancient bone altar of Kikubaaqudgha.
  5608 | D:5      | Reached skill level 8 in Stealth
  5651 | D:5      | Found a glowing silver altar of Zin.
  5733 | D:5      | Found a sparkling altar of Nemelex Xobeh.
  5733 | D:5      | Found a transporter.
  5784 | D:5      | Found an opulent altar of Gozag.
  6223 | D:5      | Reached XP level 9. HP: 20/44 MP: 9/15
  6485 | D:7      | Reached * piety under Ashenzari
  6530 | D:7      | Identified the Vellum of Attacks and the Map
  6964 | D:7      | Reached skill level 9 in Stealth
  7570 | D:8      | Acquired the +7 Spriggan's Knife {stab, EV+4 Stlth+}
  7570 | D:8      | Found the +7 Spriggan's Knife {stab, EV+4 Stlth+}
  7578 | D:8      | Found a burning altar of Makhleb.
  7578 | D:8      | Noticed an Executioner
  7598 | D:8      | Reached skill level 1 in Ice Magic
  7837 | D:8      | Found a transporter.
  7862 | D:8      | Found a transporter.
  7883 | D:8      | Found a transporter.
  7965 | D:8      | Found a transporter.
  8165 | D:9      | Noticed a troll
  8167 | D:9      | Killed a troll
  8188 | D:9      | Reached XP level 10. HP: 51/51 MP: 13/16
  8193 | D:9      | Noticed an orange crystal statue
  8223 | D:10     | Entered Level 10 of the Dungeon
  8448 | D:10     | Noticed a two-headed ogre
  8456 | D:10     | Killed a two-headed ogre
  8457 | D:10     | Reached skill level 10 in Stealth
  8457 | D:10     | Reached skill level 10 in Hexes
  8685 | D:9      | Found a staircase to the Orcish Mines.
  9056 | D:9      | Found a staircase to the Lair.
  9127 | D:9      | Found a shimmering blue altar of Sif Muna.
  9372 | D:10     | Noticed Grum
  9401 | D:10     | Killed Grum
  9489 | D:10     | Reached skill level 11 in Stealth
  9521 | D:10     | Noticed Nergalle
  9524 | D:10     | Killed Nergalle
  9597 | D:10     | Reached XP level 11. HP: 56/56 MP: 17/17
  9735 | D:10     | Noticed Erolcha
  9746 | D:10     | Killed Erolcha
  9884 | D:11     | Reached skill level 5 in Fighting
 10006 | D:11     | Reached skill level 10 in Short Blades
 10071 | D:11     | Reached skill level 12 in Stealth
 10140 | D:11     | Noticed Erica
 10145 | D:11     | Killed Erica
 10151 | D:11     | Reached skill level 5 in Spellcasting
 10517 | D:11     | Noticed a sun demon
 10908 | D:10     | Learned a level 6 spell: Dispersal
 10927 | D:11     | Reached skill level 1 in Translocations
 11180 | D:11     | Reached skill level 13 in Stealth
 11202 | D:11     | Reached XP level 12. HP: 60/62 MP: 23/23
 11473 | Orc:1    | Entered Level 1 of the Orcish Mines
 11513 | Orc:1    | Noticed an orc high priest
 11601 | Lair:1   | Entered Level 1 of the Lair of Beasts
 11756 | Lair:1   | Reached ** piety under Ashenzari
 11788 | Lair:1   | HP: 2/65 [wolf (5)]
 12074 | Lair:1   | Learned a level 4 spell: Ice Form
 12223 | Lair:1   | Identified the cursed +0 cloak of Ashenzari's Ordeal {Comp,
                  | Bglg} (You took it off Crazy Yiuf on level 2 of the
                  | Dungeon)
 12284 | Lair:1   | Noticed Harold
 12287 | Lair:1   | Killed Harold
 12706 | Lair:2   | Reached skill level 5 in Translocations
 12714 | Lair:2   | Reached skill level 14 in Stealth
 13785 | Lair:2   | Noticed Amaemon
 13788 | Lair:2   | Reached XP level 13. HP: 70/70 MP: 25/25
 13801 | Lair:2   | HP: 3/70 [Amaemon/+0 demon whip of venom (11)]
 13801 | Lair:2   | Slain by Amaemon

Illustrated notes

Levels and vault maps discovered:
D:1:      scummos_arrival_hexagon, layout_basic, serial_bayou,
          serial_bayou_pond_e, serial_bayou_lake_a, serial_bayou_lagoon_b,
          serial_bayou_pond_c, hangedman_feature_mirror, minmay_lizard_pond
D:2:      layout_loops_corners, uniq_crazy_yiuf_cottage
D:3:      layout_basic, chequers_ecumenical_altar_simple
D:4:      layout_loops_ring, mainiacjoe_overflow_big_doors,
          minmay_joined_circles
D:5:      minmay_polygon_palace, layout_basic,
          pdpol_temple_overflow_zin_treasury_gozag_greed,
          grunt_nemelex_the_gamble, mainiacjoe_overflow_tiny_flanked
D:6:      layout_loops_ring, minmay_temple_entry_poolview
D:7:      layout_basic
D:8:      layout_cave_pools, makhleb_altar_promises_db,
          nicolae_transporter_intersection
D:9:      layout_irregular_city, tgw_sif, david_lair_shrubbed, orc_david_3,
          minmay_statue_bubble
D:10:     layout_gridville, uniq_nergalle, uniq_erolcha, uniq_grum
D:11:     layout_rooms, serial_undead, serial_undead_a, serial_undead_e,
          serial_undead_a, serial_undead_a, uniq_erica
Lair:1:   layout_chaotic_city, chequers_serial_rivers_micro_a, uniq_harold
Lair:2:   layout_loops_ring, minmay_stone_trees_small,
          infiniplex_staircase_pool_2, uniq_amaemon
Orc:1:    layout_caves, ebering_ghost_reflecting_pool

Skill      XL: |  1  2  3  4  5  6  7  8  9 10 11 12 |
---------------+-------------------------------------+-----
Dodging        | 3 4 5 |  5.0
Spellcasting   | 3 5 |  5.8
Hexes          | 4 5 6 7 9 11 12 13 | 13.4
Stealth        | 5 6 7 8 9 11 13 14 | 14.7
Short Blades   | 2 3 4 6 8 9 10 11 | 11.9
Fighting       | 1 2 3 4 6 7 |  7.3
Necromancy     | 2 3 |  3.2
Conjurations   | 1 2 |  2.6
Ice Magic      | 1 3 |  3.2
Translocations | 1 7 |  7.0

Action                   |  1- 3 |  4- 6 |  7- 9 | 10-12 | 13-15 || total
-------------------------+-------+-------+-------+-------+-------++-------
Melee: Dagger            |   100 |   192 |    46 |       |       ||   338
       Punch             |     2 |     2 |     6 |    10 |       ||    20
       War axe           |    14 |     8 |       |       |       ||    22
       Rapier            |       |       |   224 |   475 |     8 ||   707
 Cast: Ensorcelled Hiber |     1 |    12 |     3 |    31 |       ||    47
       Confusing Touch   |       |     1 |     5 |     6 |       ||    12
       Dazzling Flash    |       |       |    15 |    29 |     2 ||    46
       Tukima's Dance    |       |       |     4 |       |       ||     4
       Ice Form          |       |       |       |     1 |       ||     1
Invok: Curse Item        |       |       |     2 |     1 |       ||     3
Evoke: Wand              |       |       |     2 |    12 |       ||    14
       Box of beasts     |       |       |       |     1 |       ||     1
  Use: Scroll            |     4 |     4 |     5 |     6 |       ||    19
       Potion            |       |       |       |     5 |     2 ||     7
 Stab: Sleeping          |    18 |    20 |    15 |    25 |       ||    78
       Confused          |       |       |     2 |     4 |       ||     6
       Invisible         |       |       |    13 |    34 |       ||    47
       Distracted        |       |       |       |     4 |       ||     4
Armor: Robe              |    10 |    12 |    19 |    23 |       ||    64
       Troll leather arm |       |       |       |    24 |       ||    24
Dodge: Dodged            |    89 |   139 |   243 |   446 |    14 ||   931

Table legend: (Time is in decaauts)
 A = Elapsed time spent in this place.
 B = Non-inter-level travel time spent in this place.
 C = Inter-level travel time spent in this place.
 D = Time resting spent in this place.
 E = Time spent auto-exploring this place.
 F = Levels seen in this place.
 G = Mean time per level.
                   A        B        C        D        E       F      G
               +--------+--------+--------+--------+--------+-----+--------+
         Total |  10193 |   9738 |    455 |   1750 |   5697 |  14 |  728.1 |
       Dungeon |   8425 |   7990 |    435 |   1039 |   5015 |  11 |  765.9 |
          Lair |   1733 |   1715 |     18 |    711 |    679 |   2 |  866.5 |
  Orcish Mines |     34 |     33 |      1 |      0 |      3 |   1 |   34.0 |
               +--------+--------+--------+--------+--------+-----+--------+

Top non-repeatable levels by time:
     D:5: 1028 daAuts
    D:10: 998 daAuts
    D:11: 949 daAuts
     D:4: 933 daAuts
  Lair:2: 924 daAuts
  Lair:1: 808 daAuts
     D:6: 765 daAuts
     D:1: 742 daAuts
     D:9: 704 daAuts
     D:2: 684 daAuts
     D:7: 560 daAuts
     D:8: 540 daAuts
     D:3: 518 daAuts
   Orc:1: 34 daAuts
